 Dungeon Crawl Stone Soup version 0.21.1-1-g345015fe64 (webtiles) character file.

478 Epsynus the Cudgeler (level 6, -6/61 HPs)
             Began as a Troll Fighter on Mar 9, 2018.
             Was an Initiate of Ru.
             Killed by divine providence
             ... invoked by an orc priest
              (16 damage)
             ... on level 4 of the Dungeon.
             The game lasted 00:33:02 (3440 turns).

Epsynus the Cudgeler (Troll Fighter)                Turns: 3440, Time: 00:33:02

Health: -6/61      AC:  5    Str: 27    XL:     6   Next: 86%
Magic:  5/5        EV: 11    Int:  4    God:    Ru [......]
Gold:   146        SH:  9    Dex:  9    Spells: 5/5 levels left

rFire    . . .     SeeInvis .   J - +0 mace (holy)
rCold    . . .     Gourm    +   c - +0 shield
rNeg     . . .     Faith    .   b - +0 robe
rPois    .         Spirit   .   (helmet restricted)
rElec    .         Reflect  .   (no cloak)
rCorr    .         Harm     .   (gloves unavailable)
MR       .....                  (boots unavailable)
Stlth    +.........             (no amulet)
HPRegen  0.60/turn              A - ring of wizardry
MPRegen  0.09/turn              T - +2 ring of evasion

@: no status effects
A: large, unfitting armour, claws 3, fast metabolism 3, gourmand, regeneration
1, shaggy fur 1, tough skin 2
a: Sacrifice Courage, Sacrifice Love, Sacrifice Artifice, Reject Sacrifices,
Renounce Religion


You were on level 4 of the Dungeon.
You worshipped Ru.
Ru was noncommittal.
You were not hungry.

You visited 1 branch of the dungeon, and saw 4 of its levels.

You collected 146 gold pieces.

Inventory:

Hand Weapons
 a - a +0 flail
 J - a +0 mace of holy wrath (weapon)
 S - a +0 spear
 U - a +0 dagger
 V - a +0 long sword
 W - a +0 halberd
 Y - a +0 flail
 Z - a +1 whip of flaming
Missiles
 n - 105 arrows
 C - 29 bolts
 G - 112 stones (quivered)
Armour
 b - a +0 robe (worn)
 c - a +0 shield (worn)
 g - a +0 robe
 y - a +0 robe
 M - a +0 pair of gloves
Jewellery
 A - a ring of wizardry (left claw)
 T - a +2 ring of evasion (right claw)
Wands
 d - a wand of iceblast (4)
Scrolls
 h - 5 scrolls of identify {unknown}
 o - a scroll of enchant weapon {unknown}
 t - a scroll of blinking {unknown}
 E - 2 scrolls of remove curse {unknown}
 I - 2 scrolls of enchant armour {unknown}
 L - a scroll of random uselessness {unknown}
Potions
 k - 3 potions of heal wounds {unknown}
 q - a potion of curing {unknown}
 K - a potion of flight {unknown}
 O - 2 potions of ambrosia {unknown}
Books
 e - a book of Changes

   Spells                             Type                      Level
   a - Beastly Appendage              Transmutation                1
   b - Sticks to Snakes               Transmutation                2
   c - Spider Form                    Transmutation/Poison         3
   d - Ice Form                       Ice/Transmutation            4
   e - Blade Hands                    Transmutation                5
Comestibles
 f - 7 rations
 i - 3 chunks of flesh


   Skills:
 + Level 3.1 Fighting
 + Level 4.3 Maces & Flails
 + Level 4.1 Dodging
 + Level 0.2 Stealth
 + Level 3.4 Shields


You had 5 spell levels left.
You didn't know any spells.

Dungeon Overview and Level Annotations

Branches:
Dungeon (4/15)
 Temple: D:4-7

Altars:
Elyvilon
Fedhas
Ru


Innate Abilities, Weirdness & Mutations

You are too large for most types of armour.
You have claws for hands.
Your metabolism is lightning-fast.
You like to eat raw meat.
Your natural rate of healing is unusually fast.
You are covered in fur. (AC +1)
You have very tough skin. (AC +2)


Message History

You bump into the rock wall.
The orc priest invokes the aid of Beogh against you.
Beogh smites you!
* * * LOW HITPOINT WARNING * * *
You bump into the rock wall.
You feel less confused.
The orc priest hits you but does no damage.
The orc priest closely misses you.
The orc priest begins to cast a cantrip, but forgets the words!
The orc wizard gestures wildly while chanting.
The orc wizard flickers and vanishes!
Deactivating autopickup; reactivate with Ctrl-A.
The orc priest invokes the aid of Beogh against you.
Pain shoots through your body!
* * * LOW HITPOINT WARNING * * *
The orc priest invokes the aid of Beogh against you.
You barely resist.
The orc priest calls down the wrath of Beogh upon you.
Beogh smites you!
You die...

######### #.......#
#[>##.#.######
########..##....@...#
.............#.####o#
.###...#..##.#.# #.#
..#............#
#5####
...............#
#....#
.......#..######
####5####
.......##.......
#.......#
................
#.##.##.#
≈≈≈≈≈..........>
#.##5##.#


You could see an orc priest.

Vanquished Creatures
  The ghost of Burgietje the Skirmisher, an amateur GrFi (D:3)
  A hound (D:4)
  2 worker ants (D:4)
  7 gnolls (D:3)
  7 adders
  An ooze (D:2)
  An adder skeleton (D:2)
  3 worms
  3 dart slugs (D:1)
  A leopard gecko (D:4)
  3 orcs (D:4)
  2 bat skeletons (D:2)
  2 giant cockroaches (D:1)
  5 goblins
  10 hobgoblins
  8 jackals
  A quokka (D:3)
  3 ball pythons
  5 bats
  A frilled lizard (D:1)
  2 giant cockroach zombies (D:2)
  A jackal zombie (D:2)
  4 kobolds
  A leopard gecko skeleton (D:2)
  A leopard gecko zombie (D:2)
  A quokka skeleton (D:2)
  7 rats
84 creatures vanquished.

Notes
Turn   | Place    | Note
-------+----------+-------------------------------------------
     0 | D:1      | Epsynus the Troll Fighter began the quest for the Orb.
     0 | D:1      | Reached XP level 1. HP: 22/22 MP: 0/0
   236 | D:1      | Reached XP level 2. HP: 29/29 MP: 1/1
   590 | D:1      | Paralysed by fainting for 11 turns
   635 | D:1      | Reached XP level 3. HP: 36/36 MP: 2/2
  1170 | D:2      | Test
  1223 | D:2      | Found a blossoming altar of Fedhas.
  1535 | D:2      | Reached XP level 4. HP: 44/44 MP: 3/3
  2002 | D:2      | Found a sacrificial altar of Ru.
  2023 | D:2      | Became a worshipper of Ru the Awakened
  2660 | D:3      | Found a white marble altar of Elyvilon.
  2775 | D:3      | Noticed Burgietje's ghost (amateur GrFi)
  2791 | D:3      | Killed Burgietje's ghost
  2791 | D:3      | Reached XP level 5. HP: 26/53 MP: 4/4
  2791 | D:3      | Reached XP level 6. HP: 30/61 MP: 5/5
  3428 | D:4      | HP: 3/61 [orc priest/nerve-wracking pain (13)]
  3440 | D:4      | Killed from afar by an orc priest

Skill      XL: |  1  2  3  4  5  6 |
---------------+-------------------+-----
Maces & Flails | 2 3 4 |  4.3
Dodging        | 3 4 |  4.1
Shields        | 3 |  3.4
Fighting       | 3 |  3.1
Stealth        | |  0.2

Action                   |  1- 3 |  4- 6 || total
-------------------------+-------+-------++-------
Melee: Flail             |   173 |    50 ||   223
       Mace              |       |   120 ||   120
  Use: Potion            |     1 |     1 ||     2
  Eat: Chunk             |     6 |    11 ||    17
       Ration            |     2 |     2 ||     4
Armor: Robe              |   145 |    57 ||   202
Dodge: Dodged            |    99 |    75 ||   174
Block: Shield            |   135 |    94 ||   229
